 Dungeon Crawl Stone Soup version 0.29.0-11-gd7f09526c8 (webtiles) character file.

Game seed: 11984526892254503572

175 slphil the Slasher (level 5, 0/42 HPs)
             Began as a Merfolk Gladiator on Sept 6, 2022.
             Killed from afar by a white imp (4 damage)
             ... with a puff of frost
             ... on level 4 of the Dungeon.
             The game lasted 00:04:02 (3317 turns).

slphil the Slasher (Merfolk Gladiator)              Turns: 3317, Time: 00:04:02

Health: 0/42       AC:  4    Str: 14    XL:     5   Next: 55%
Magic:  5/5        EV: 13    Int:  8    God:
Gold:   218        SH:  0    Dex: 17    Spells: 4/4 levels left

rFire   . . .      SeeInvis .   a - +0 long sword
rCold   . . .      Faith    .   (no shield)
rNeg    . . .      Spirit   .   b - +0 leather armour
rPois   .          Reflect  .   w - +0 helmet
rElec   .          Harm     .   (no cloak)
rCorr   .          Rampage  .   (no gloves)
Will    .....                   (no boots)
Stlth   +.........              p - amulet of the acrobat
HPRegen 0.14/turn               (no ring)
MPRegen 0.09/turn               (no ring)

@: no status effects
A: (nimble swimmer 2), mertail
a: no special abilities


You were on level 4 of the Dungeon.
You visited 1 branch of the dungeon, and saw 4 of its levels.

You collected 218 gold pieces.

Inventory:

Hand Weapons
 a - a +0 long sword (weapon)
Missiles
 d - 3 throwing nets (quivered)
 e - a javelin
Armour
 b - a +0 leather armour (worn)
 c - a +0 helmet
 w - a +0 helmet (worn)
Jewellery
 p - an amulet of the acrobat (around neck)
Wands
 x - a wand of flame (12)
Scrolls
 h - 5 scrolls of identify {unknown}
 i - a scroll of enchant weapon {unknown}
 j - a scroll of amnesia {unknown}
 l - a scroll of poison {unknown}
 m - 3 scrolls of teleportation {unknown}
 q - a scroll of torment {unknown}
 s - a scroll of fear {unknown}
 t - a scroll of brand weapon {unknown}
 v - a scroll of immolation {unknown}
Potions
 f - 3 potions of attraction {unknown}
 g - 4 potions of curing {unknown}
 k - 2 potions of flight {unknown}
 n - 4 potions of brilliance {unknown}
 o - a potion of heal wounds
 r - a potion of haste {unknown}
 u - a potion of degeneration {unknown}
 z - a potion of mutation {unknown}


   Skills:
 + Level 3.8 Fighting
 * Level 6.3 Long Blades
 - Level 2.0 Throwing
 - Level 4.0 Dodging


You had 4 spell levels left.
You didn't know any spells.
Your spell library contained the following spells:

 Spells                   Type           Power      Damage    Failure   Level
 Shock                    Conj/Air       0%         1d3       50%         1
 Swiftness                Air            0%         N/A       86%         3
 Airstrike                Air            0%         2d(0-16)  99%         4


Dungeon Overview and Level Annotations

Branches:
Dungeon (4/15)
 Temple: D:4-7

Altars:


Innate Abilities, Weirdness & Mutations

((You are very nimble when in or above water. (Stealth+, EV+, Speed+++)))
Your lower body shifts to a powerful aquatic tail in water.


Message History

The ufetubus closely misses you.
You hit the ufetubus.
The ufetubus is severely wounded.
The ufetubus barely misses you. The ufetubus closely misses you.
You completely miss the ufetubus.
The ufetubus is severely wounded.
The ufetubus hits you but does no damage. x2
The ufetubus closely misses you. The ufetubus hits you.
You slash the ufetubus!
You kill the ufetubus!
The white imp hits you but does no damage.
You hit the white imp but do no damage.
The white imp hits you but does no damage.
You hit the white imp but do no damage. The white imp gestures at you.
The puff of frost hits you!
You are too injured to fight recklessly!
You are too injured to fight recklessly!
You hit the white imp but do no damage. The white imp misses you.
You closely miss the white imp. The white imp hits you.
* * * LOW HITPOINT WARNING * * *
The white imp freezes you.
* * * LOW HITPOINT WARNING * * *
You hit the white imp.
The white imp is lightly wounded.
The white imp hits you but does no damage.
You hit the white imp.
The white imp is heavily wounded.
The white imp hits you.
* * * LOW HITPOINT WARNING * * *
The white imp freezes you.
* * * LOW HITPOINT WARNING * * *
You barely miss the white imp.
The white imp is heavily wounded.
The white imp closely misses you.
You hit the white imp.
The white imp is severely wounded.
The white imp gestures at you. The puff of frost hits you.
You die...

. .###
.####...#
...P~...#
##.~~~~P.#
#.P.~~~..#
##.P~~~≈..#
##...~~~≈P#
+...5P.~..#
####@######
#.# #.# #.#
#.# #.# #.#
#.# #.#


You could see a white imp.

Vanquished Creatures
  A hound (D:3)
  7 adders
  A shadow imp (D:4)
  An ufetubus (D:4)
  3 worms
  A dart slug (D:3)
  2 orcs (D:3)
  5 bats
  3 endoplasms
  5 giant cockroaches
  5 goblins
  3 hobgoblins
  6 quokkas
  4 ball pythons
  4 frilled lizards
  4 kobolds
  8 rats
63 creatures vanquished.

Notes
Turn   | Place    | Note
-------+----------+-------------------------------------------
     0 | D:1      | slphil the Merfolk Gladiator began the quest for the Orb.
     0 | D:1      | Reached XP level 1. HP: 16/16 MP: 1/1
   149 | D:1      | Reached skill level 4 in Long Blades
   156 | D:1      | Reached XP level 2. HP: 23/23 MP: 2/2
  1114 | D:1      | Reached XP level 3. HP: 7/28 MP: 3/3
  1555 | D:2      | Reached skill level 5 in Long Blades
  1739 | D:2      | Reached XP level 4. HP: 35/35 MP: 4/4
  2542 | D:3      | Reached XP level 5. HP: 41/41 MP: 5/5
  2670 | D:3      | Reached skill level 6 in Long Blades
  3317 | D:4      | Killed from afar by a white imp

Illustrated notes

Levels and vault maps discovered:
D:1:      giann_wishing_wells, layout_loops_ring
D:2:      kennysheep_big_flooded_room, layout_rooms, minmay_tree_intersection
D:3:      layout_loops_ring
D:4:      layout_basic, serial_demonic, serial_demonic_f, serial_demonic_b,
          serial_demonic_f, serial_demonic_e

Skill      XL: |  1  2  3  4  5 |
---------------+----------------+-----
Long Blades    | 4 5 6 |  6.3
Fighting       | 3 |  3.8
Throwing       | |  2.0
Dodging        | |  4.0

Action                   |  1- 3 |  4- 6 || total
-------------------------+-------+-------++-------
Melee: Long sword        |   114 |   130 ||   244
       Punch             |     1 |       ||     1
 Stab: Sleeping          |     2 |       ||     2
Armor: Leather armour    |    27 |    32 ||    59
Dodge: Dodged            |   109 |   108 ||   217
